 Dungeon Crawl Stone Soup version 0.31.0-32-g396128a36d (webtiles) character file.

Game seed: 13874118397870289631

4834 PaiMei the Scholar of Death (level 10, -8/79 HPs)
             Began as a Demonspawn Necromancer on Apr 1, 2024.
             Was a Follower of Kikubaaqudgha.
             Killed by psychic fangs
             ... invoked by a neqoxec
             ... summoned by a kobold demonologist
              (14 damage)
             ... on level 9 of the Dungeon.
             The game lasted 00:15:01 (11933 turns).

PaiMei the Scholar of Death (DsNe)                 Turns: 11933, Time: 00:15:02

Health: -8/79      AC: 12    Str: 13    XL:     10   Next: 25%
Magic:  0/20       EV: 14    Int: 19    God:    Kikubaaqudgha [*.....]
Gold:   383        SH:  0    Dex: 14    Spells: 10/23 levels left

rFire   . . .        G - +2 trident (drain)
rCold   . . .        (no shield)
rNeg    . . .        y - +1 leather armour {Will+}
rPois   .            (no helmet)
rElec   .            s - +0 cloak
rCorr   .            (no gloves)
SInv    .            (no boots)
Will    +....        h - amulet of the acrobat
Stlth   ++           N - +6 ring of strength
HPRegen 0.33/turn    J - +4 ring of protection
MPRegen 0.17/turn

%: acrobat
@: no status effects
A: thin metallic scales 2, demonic guardian 2, demonic touch 2, weak 1,
inability to read after injury 1
a: Renounce Religion, Unearth Wretches


You were on level 9 of the Dungeon.
You worshipped Kikubaaqudgha.
Kikubaaqudgha was aware of your devotion.
You visited 2 branches of the dungeon, and saw 10 of its levels.
You also visited: Ossuary.

You collected 479 gold pieces.
You spent 96 gold pieces at shops.

Inventory:

Hand Weapons
 p - a +2 spear of venom
 t - a +2 sling of draining
 G - a +2 trident of draining (weapon)
 Q - a +2 short sword of venom
Armour
 l - a +1 ring mail of cold resistance
 s - a +0 cloak (worn)
 y - a +1 leather armour of willpower (worn)
 H - an orb of guile
Jewellery
 h - an amulet of the acrobat (around neck)
 F - a +6 ring of intelligence
 I - a ring of protection from cold
 J - a +4 ring of protection (right hand)
 N - a +6 ring of strength (left hand)
Wands
 c - a wand of iceblast (22)
 O - a wand of mindburst (5)
 P - a wand of flame (14)
Scrolls
 a - a scroll of fear {unknown}
 f - 3 scrolls of immolation {unknown}
 g - 2 scrolls of brand weapon {unknown}
 i - 6 scrolls of identify {unknown}
 j - 9 scrolls of noise
 k - a scroll of amnesia {unknown}
 r - 3 scrolls of teleportation {unknown}
 u - a scroll of torment {unknown}
 w - 4 scrolls of blinking {unknown}
 x - 3 scrolls of poison
 B - a scroll of revelation {unknown}
 C - 2 scrolls of fog {unknown}
 K - a scroll of enchant armour {unknown}
 L - a scroll of vulnerability {unknown}
 M - 2 scrolls of enchant weapon {unknown}
Potions
 b - 2 potions of magic
 d - 3 potions of brilliance {unknown}
 e - a potion of might {unknown}
 m - 8 potions of curing
 n - 2 potions of enlightenment {unknown}
 o - 2 potions of attraction {unknown}
 q - 2 potions of lignification {unknown}
 v - 2 potions of mutation
 z - 3 potions of heal wounds
 A - 3 potions of cancellation {unknown}
 D - a potion of haste {unknown}
 E - a potion of berserk rage {unknown}


   Skills:
 + Level 7.3 Fighting
 + Level 7.1 Dodging
 - Level 2.3 Stealth
 + Level 7.2 Spellcasting
 + Level 9.5 Necromancy


You had 10 spell levels left.
You knew the following spells:

 Your Spells              Type           Power      Damage    Failure   Level
a - Necrotise             Necr           100%       1d9       1%          1
b - Vampiric Draining     Necr           43%        2d9       1%          3
c - Animate Dead          Necr           43%        N/A       2%          4
d - Curse of Agony        Necr           43%        N/A       7%          5

Your spell library contained the following spells:

 Spells                   Type           Power      Damage    Failure   Level
 Kiss of Death            Conj/Necr      96%        2d12      1%          1
 Sublimation of Blood     Necr           43%        N/A       1%          2
 Fugue of the Fallen      Necr           43%        N/A       1%          3
 Ensorcelled Hibernation  Hex/Ice        12%        N/A       19%         2
 Mercury Vapours          Alch/Air       12%        N/A       19%         2
 Anguish                  Hex/Necr       12%        N/A       19%         4
 Mephitic Cloud           Conj/Alch/Air  6%         N/A       36%         3
 Passage of Golubria      Tloc           6%         N/A       77%         4
 Freezing Cloud           Conj/Ice/Air   3%         6-21      98%         5
 Silence                  Hex/Air        3%         N/A       98%         5
 Lehudib's Crystal Spear  Conj/Erth      3%         10d2      100%        8


Dungeon Overview and Level Annotations

Branches:
Dungeon (9/15)             Temple (1/1) D:7         Ossuary (visited)
   Lair: D:8-11         Orc: D:9-12

Altars:
Ashenzari
Cheibriados
Dithmenos
Fedhas
Gozag
Hepliaklqana
Kikubaaqudgha
Makhleb
Nemelex Xobeh
Okawaru
Qazlal
Ru
Sif Muna
Trog
Uskayaw
Vehumet
Wu Jian
Xom
Yredelemnul

Shops:
D:4 !   D:7 [


Innate Abilities, Weirdness & Mutations

You are mostly covered in thin metallic scales. (AC +3)
A demonic guardian rushes to your aid.
Your touch may inflict irresistible damage on your foes.
You are weak. (Str -2)
You occasionally lose the ability to read scrolls when taking damage.


Message History

The kobold demonologist hits you with a +0 dagger.
The kobold brigand hits you with a +0 dagger.
The kobold demonologist hits you but does no damage.
The neqoxec hits you. The hellwing closely misses you. The hellwing hits you!
Casting: Vampiric Draining (safe; 1% risk of failure)
Confirm with . or Enter, or press ? or * to list all spells.
Aiming: Vampiric Draining (safe; 1% risk of failure)
Press: ? - help, Shift-Dir - straight line, f/p - kobold demonologist
Aim: a kobold demonologist, wielding a +0 dagger and wearing a +0 robe (severely wounded)
You draw life force from the kobold demonologist!
You feel life coursing into your body. The sun demon hits you!
You are engulfed in flames!
A demonic guardian appears!
The kobold demonologist casts a spell.
The kobold brigand hits you but does no damage.
The kobold demonologist gestures wildly while chanting.
The sun demon misses you. The neqoxec gestures at you.
Strange energies course through your body.
You feel weaker. The hellwing closely misses you. The hellwing misses you.
Casting: Vampiric Draining (safe; 1% risk of failure)
Confirm with . or Enter, or press ? or * to list all spells.
Aiming: Vampiric Draining (safe; 1% risk of failure)
Press: ? - help, Shift-Dir - straight line, f/p - kobold demonologist
Aim: a kobold demonologist, wielding a +0 dagger and wearing a +0 robe (almost dead)
You draw life force from the kobold demonologist.
You feel life coursing into your body.
The kobold demonologist casts a cantrip, but nothing happens.
The kobold brigand hits you with a +0 dagger.
The kobold demonologist closely misses you.
The sun demon hits you!!
You are engulfed in flames!
* * * LOW HITPOINT WARNING * * *
The crimson imp hits you.
* * * LOW HITPOINT WARNING * * *
Your orange demon stings the kobold demonologist!
Your orange demon barely misses the kobold demonologist.
The neqoxec gestures at you. Something gnaws heavily on your mind!
You die...
Kikubaaqudgha rasps: "You have failed me!
Welcome... death!"

............####### ..
............##....####
..
.....................###
..
......#####.....%.......
.. ......#
#............. ).
####### ####..........
.. #./5....... ..
#553K5..... ..
#5K@)4..... ..
#.4K3...... ##
#.......... #..........
#>.(....... #....######
######


You could see a sun demon (summoned), a hellwing (summoned), 2 kobold
demonologists, a neqoxec (summoned), a kobold brigand, a crimson imp (summoned),
2 white imps, a shadow imp (summoned), an ufetubus (summoned) and a friendly
orange demon (summoned).

Vanquished Creatures
  Jeremiah (D:6)
  2 trolls
  A wyvern (D:8)
  5 yaks (D:9)
  A steam dragon (D:8)
  3 orc warriors
  A black bear (D:3)
  An ice beast (D:6)
  An ogre (D:5)
  3 centaurs
  3 phantoms
  Blork the orc (D:4)
  A weeping skull (Ossuary)
  3 bullfrogs
  2 kobold brigands (D:8)
  A gnoll sergeant (D:8)
  2 scorpions (D:7)
  A burial acolyte (Ossuary)
  2 howler monkeys
  A bombardier beetle (D:5)
  4 jellies
  3 orc priests (D:8)
  3 gnoll boudas
  3 hounds
  A human zombie (Ossuary)
  An iguana (D:5)
  Jessica (D:2)
  Natasha (twice) (D:2)
  Terence (D:3)
  3 orc wizards
  A sleepcap (D:6)
  4 mummies (Ossuary)
  Robin (D:2)
  17 gnolls
  7 adders
  A white imp (D:6)
  4 dart slugs
  27 orcs
  3 bats
  8 endoplasms
  2 giant cockroaches
  2 gnoll zombies (Ossuary)
  20 goblins
  7 hobgoblins
  2 jackals (D:1)
  16 kobolds
  3 quokkas
  3 ball pythons
  3 frilled lizards
  3 kobold zombies (Ossuary)
  2 orc zombies (Ossuary)
  6 rats
200 creatures vanquished.

Vanquished Creatures (collateral kills)
  An ogre (D:6)
  A phantom (D:5)
  A gnoll bouda (D:6)
  An orc priest (D:3)
  Natasha (D:2)
  An orc wizard (D:3)
  A gnoll (D:6)
  2 orcs (D:4)
  2 endoplasms
  2 goblins (D:2)
  A kobold (D:9)
14 creatures vanquished.

Vanquished Creatures (others)
  A centaur zombie (D:9)
1 creature vanquished.

Grand Total: 215 creatures vanquished

Notes
Turn   | Place    | Note
-------+----------+-------------------------------------------
     0 | D:1      | PaiMei the Demonspawn Necromancer began the quest for the
                  | Orb.
     0 | D:1      | Reached XP level 1. HP: 13/13 MP: 3/3
   128 | D:1      | Found a faded altar of an unknown god.
   132 | D:1      | Gained mutation: Your touch may inflict minor irresistible
                  | damage on your foes. [demonic ancestry]
   132 | D:1      | Reached XP level 2. HP: 19/19 MP: 1/5
   559 | D:1      | Gained mutation: A weak demonic guardian rushes to your
                  | aid. [demonic ancestry]
   559 | D:1      | Reached XP level 3. HP: 21/24 MP: 0/6
  1296 | D:2      | Noticed Natasha
  1302 | D:2      | Killed Natasha
  1304 | D:2      | Gained mutation: A demonic guardian rushes to your aid.
                  | [demonic ancestry]
  1304 | D:2      | Reached XP level 4. HP: 16/31 MP: 2/7
  1543 | D:2      | Reached skill level 5 in Necromancy
  1571 | D:2      | Noticed Jessica
  1575 | D:2      | Killed Jessica
  1576 | D:2      | Reached skill level 1 in Fighting
  1671 | D:2      | Noticed Robin
  1901 | D:2      | Killed Robin
  1902 | D:2      | Gained mutation: Your touch may inflict irresistible damage
                  | on your foes. [demonic ancestry]
  1902 | D:2      | Reached XP level 5. HP: 37/37 MP: 2/9
  2148 | D:2      | Noticed Natasha
  2156 | D:2      | Killed Natasha
  2343 | D:2      | Noticed Natasha
  2347 | D:2      | Killed Natasha
  2658 | D:3      | Learned a level 3 spell: Vampiric Draining
  2663 | D:3      | Learned a level 4 spell: Animate Dead
  2780 | D:3      | Gained mutation: You are partially covered in thin metallic
                  | scales. (AC +2) [demonic ancestry]
  2780 | D:3      | Reached XP level 6. HP: 5/44 MP: 7/11
  3866 | D:3      | Noticed Terence
  3875 | D:3      | Killed Terence
  4432 | D:4      | Reached skill level 6 in Necromancy
  4432 | D:4      | Reached XP level 7. HP: 45/52 MP: 12/12
  4461 | D:4      | Noticed Blork the orc
  4468 | D:4      | Killed Blork the orc
  4610 | D:4      | Found a shimmering blue altar of Sif Muna.
  5020 | D:4      | Found Fyckess's Distillery.
  5024 | D:4      | Bought a potion of heal wounds for 60 gold pieces
  5024 | D:4      | Bought a potion of curing for 36 gold pieces
  5174 | D:5      | Entered Level 5 of the Dungeon
  5314 | D:5      | Found a sand-covered staircase.
  5321 | Ossuary  | Entered an ossuary
  5798 | D:5      | Gained mutation: You are mostly covered in thin metallic
                  | scales. (AC +3) [demonic ancestry]
  5798 | D:5      | Reached XP level 8. HP: 60/60 MP: 2/15
  6198 | D:5      | Reached skill level 7 in Necromancy
  6550 | D:6      | Found an iron altar of Okawaru.
  6745 | D:6      | Reached skill level 5 in Spellcasting
  6779 | D:6      | Noticed Jeremiah
  6786 | D:6      | Killed Jeremiah
  6787 | D:6      | Reached skill level 5 in Dodging
  6930 | D:6      | Reached skill level 5 in Fighting
  7423 | D:6      | Reached XP level 9. HP: 68/68 MP: 10/17
  7721 | D:6      | Noticed a troll
  7729 | D:6      | Killed a troll
  7730 | D:6      | Reached skill level 8 in Necromancy
  8566 | D:7      | Found a staircase to the Ecumenical Temple.
  8740 | Temple   | Entered the Ecumenical Temple
  8813 | Temple   | Became a worshipper of Kikubaaqudgha
  8894 | D:7      | Learned a level 5 spell: Curse of Agony
  8990 | D:7      | Found a stormy altar of Qazlal.
  8991 | D:7      | Found a bloodstained altar of Trog.
  9079 | D:7      | Found Yrep's Antique Armour Shoppe.
 10321 | D:8      | Reached * piety under Kikubaaqudgha
 10321 | D:8      | Received a gift from Kikubaaqudgha
 10507 | D:8      | Reached skill level 9 in Necromancy
 10605 | D:8      | Found a hide-covered altar of Uskayaw.
 11030 | D:9      | Noticed a troll
 11037 | D:9      | Killed a troll
 11038 | D:9      | Reached XP level 10. HP: 77/77 MP: 10/20
 11928 | D:9      | Noticed a sun demon
 11930 | D:9      | Gained mutation: You occasionally lose the ability to read
                  | scrolls when taking damage. [a neqoxec]
 11932 | D:9      | Gained mutation: You are weak. (Str -2) [a neqoxec]
 11933 | D:9      | Killed from afar by a neqoxec

Illustrated notes

Levels and vault maps discovered:
D:1:      doesnt_arrival_eight_statues, layout_basic,
          dreamdust_ecumenical_altar_grove
D:2:      layout_rooms, basic_altar, kennysheep_generic_room_3, uniq_natasha,
          uniq_jessica, uniq_robin
D:3:      layout_loops_cross, uniq_terence
D:4:      layout_basic, mainiacjoe_overflow_concentric_impassable, serial_shops,
          nicolae_shop_back_alley_shop, uniq_blork_the_orc
D:5:      layout_cave_pools, chequers_ossuary_entry_cave, minmay_checkerbox
D:6:      layout_basic, lemuel_crystal_altar, minmay_door_square, uniq_jeremiah
D:7:      layout_loops_ring, chequers_temple_overflow_statue_of_worship,
          minmay_temple_entry_statues, serial_shops,
          nicolae_shop_rolling_square, palyth_stone_intersect
D:8:      layout_basic, nicolae_uskayaw_dance_studio
D:9:      layout_basic, serial_shops, shop, gammafunk_ghost_cemetery
Temple:   minmay_temple_bridge_d

Skill      XL: |  1  2  3  4  5  6  7  8  9 10 |
---------------+-------------------------------+-----
Stealth        | 2 |  2.3
Dodging        | 2 3 4 5 6 7 |  7.1
Necromancy     | 5 6 7 9 |  9.5
Fighting       | 1 2 3 4 5 6 7 |  7.3
Spellcasting   | 3 4 5 6 7 |  7.2

Action                     |  1- 3 |  4- 6 |  7- 9 | 10-12 || total
---------------------------+-------+-------+-------+-------++-------
  Melee: Unarmed           |    10 |       |       |       ||    10
         Club              |    20 |     3 |       |       ||    23
         Punch             |     1 |     1 |     2 |     1 ||     5
         Touch             |     1 |     6 |    37 |     8 ||    52
         Dagger            |       |    16 |    80 |       ||    96
         Trident           |       |       |    71 |    28 ||    99
   Cast: Necrotise         |    53 |   104 |   111 |     3 ||   271
         Vampiric Draining |       |     5 |    91 |    17 ||   113
         Animate Dead      |       |       |       |     1 ||     1
 Armour: Robe              |    27 |    34 |     2 |       ||    63
         Leather armour    |       |       |   126 |    37 ||   163
  Dodge: Dodged            |    25 |    43 |   166 |    40 ||   274
